[Event "Titled Tuesday Blitz April 18 Early 2023"]
[White "Aydincelebi, Kagan"]
[Black "Sargsyan, Shant"]
[WhiteFideId "6361102"]
[BlackFideId "13306766"]
[WhiteElo "2180"]
[BlackElo "2628"]
[Result "1/2-1/2"]
[Round "05"]
[TimeControl "180+2"]
[Date "2023.04.18"]
[WhiteClock "0:00:14"]
[BlackClock "0:00:03"]

1. e4 g6 2. d4 Nf6 3. Nc3 d5 4. e5 Ne4 5. Nxe4 dxe4 6. Be3 Bg7 7. Qd2 c5 8. dxc5 Qxd2+ 9. Bxd2 Bxe5 10. O-O-O Be6 11. Bb5+ Nc6 12. a3 O-O-O 13. Ne2 f5 14. Bxc6 bxc6 15. Bc3 Bxc3 16. Nxc3 Kc7 17. h4 h6 18. Rxd8 Rxd8 19. Rd1 Rg8 20. Kd2 Bc8 21. Ke3 Rf8 22. Kf4 g5+ 23. hxg5 hxg5+ 24. Ke5 Rh8 25. Ne2 Rh2 26. Rg1 Rh6 27. Nd4 g4 28. c3 Rh5 29. b4 f4+ 30. Kxf4 e5+ 31. Kxe4 exd4 32. cxd4 Be6 33. Kf4 Rd5 34. Ke3 Rh5 35. Kf4 Rf5+ 36. Ke3 Bd5 37. Rh1 Bxg2 38. Rh7+ Kb8 39. a4 Rf3+ 40. Ke2 Rf8 41. b5 Bd5 42. b6 axb6 43. cxb6 Rf7 44. Rxf7 Bxf7 45. Ke3 Kb7 46. a5 Be6 47. Kf4 Bc8 48. Ke5 Ka6 49. Kd6 Kxa5 50. Kxc6 Ka6 51. d5 Bb7+ 52. Kc5 Bc8 53. Kc6 Bb7+ 54. Kc5 Bc8 55. Kc6 1/2-1/2


[Site "https://www.chess.com"]

[Event "Titled Tuesday Blitz April 18 Early 2023"]
[White "Deac, Bogdan-Daniel"]
[Black "Kushko, Dmitriy"]
[WhiteFideId "1226380"]
[BlackFideId "14162261"]
[WhiteElo "2649"]
[BlackElo "2230"]
[Result "1-0"]
[Round "05"]
[TimeControl "180+2"]
[Date "2023.04.18"]
[WhiteClock "0:00:11"]
[BlackClock "0:00:20"]

1. b3 d5 2. Bb2 Bg4 3. Nf3 Bxf3 4. exf3 e6 5. g3 Nf6 6. Bg2 g6 7. f4 Bg7 8. O-O O-O 9. c4 c6 10. d4 Nbd7 11. Nd2 Ne8 12. Nf3 Nd6 13. Qc2 Re8 14. Ne5 Nf6 15. Rfe1 Rc8 16. Rad1 Nde4 17. c5 Nd7 18. Bxe4 dxe4 19. Qxe4 Nf6 20. Qe2 Nd5 21. h4 h5 22. Nc4 Rc7 23. f5 gxf5 24. Qxh5 Qf6 25. Ne5 Qh6 26. Qf3 Bf6 27. Bc1 Qg7 28. Qh5 Rd8 29. Bg5 Nc3 30. Bxf6 Qxf6 31. Rd3 Nb5 32. Qd1 Re7 33. a4 Nc7 34. g4 fxg4 35. Re4 Kh8 36. Rxg4 Rg8 37. Rdg3 Ree8 38. Rxg8+ 1-0


[Site "https://www.chess.com"]

[Event "Titled Tuesday Blitz April 18 Early 2023"]
[White "Smirnov, Pavel"]
[Black "Narayanan.S.L"]
[WhiteFideId "4123425"]
[BlackFideId "5058422"]
[WhiteElo "2519"]
[BlackElo "2547"]
[Result "1-0"]
[Round "05"]
[TimeControl "180+2"]
[Date "2023.04.18"]
[WhiteClock "0:00:03"]
[BlackClock "0:00:12"]

1. d4 Nf6 2. c4 c5 3. d5 e6 4. Nc3 exd5 5. cxd5 d6 6. e4 a6 7. a4 g6 8. Nge2 Bg7 9. Ng3 h5 10. Be2 h4 11. Nf1 Nbd7 12. Be3 Rb8 13. Nd2 h3 14. g3 Ne5 15. O-O Nfg4 16. Bf4 g5 17. Bxe5 Nxe5 18. f4 gxf4 19. gxf4 Ng6 20. Kh1 Qh4 21. Nc4 Nxf4 22. Nxd6+ Kf8 23. Nxc8 Rxc8 24. Bg4 Qg5 25. Qf3 Be5 26. Ne2 Rh4 27. Rg1 Nxe2 28. Qxe2 Rd8 29. Raf1 Qh6 30. Be6 Rf4 31. Rxf4 Bxf4 32. Qg4 Ke7 33. Bxf7 Kxf7 34. Qf5+ Ke7 35. Rg6 Qxg6 36. Qxg6 Rf8 37. Qe6+ Kd8 38. d6 Bg5 39. Qxh3 c4 40. Qe6 b5 41. axb5 axb5 42. Qd5 Bh6 43. Qc6 Rf7 44. e5 Be3 45. e6 Rf1+ 46. Kg2 1-0


[Site "https://www.chess.com"]

[Event "Titled Tuesday Blitz April 18 Early 2023"]
[White "Bacallao Alonso, Yusnel"]
[Black "Steinberg, Nitzan"]
[WhiteFideId "3507416"]
[BlackFideId "2801795"]
[WhiteElo "2561"]
[BlackElo "2486"]
[Result "1-0"]
[Round "05"]
[TimeControl "180+2"]
[Date "2023.04.18"]
[WhiteClock "0:00:32"]
[BlackClock "0:00:06"]

1. d4 Nf6 2. Nf3 g6 3. Bf4 Bg7 4. e3 O-O 5. h3 b6 6. a4 a6 7. Be2 Bb7 8. O-O d6 9. c4 Nbd7 10. Nc3 Ne4 11. Bh2 Nxc3 12. bxc3 a5 13. c5 dxc5 14. Qb3 e6 15. Rfd1 Qc8 16. Bb5 Bxf3 17. gxf3 Nf6 18. dxc5 bxc5 19. Bc6 Rb8 20. Qc4 Nd5 21. Rac1 Rd8 22. Kg2 Rb2 23. Bxd5 exd5 24. Rxd5 Rxd5 25. Qxd5 Bf8 26. Rd1 Qe8 27. Bf4 Qxa4 28. Qd8 Qc2 29. Bg3 a4 30. Rd7 Rb1 31. Qe8 Qf5 32. Rd8 Kg7 33. Qxf8+ Kf6 34. Qh8+ Ke6 35. Re8+ Kd7 36. Rc8 Kc6 37. Rxc7+ Kb5 38. Qa8 Qc2 39. Rb7+ Kc4 40. Rxb1 Qxb1 41. Qxa4+ Kxc3 42. Be5+ Kd2 43. Qc4 Qc2 44. Qxc2+ Kxc2 45. f4 Kd3 46. Kf3 c4 47. e4 f5 48. exf5 gxf5 49. Kg3 c3 50. Kh4 c2 51. Bb2 Ke2 52. Kg5 Kxf2 53. Kxf5 Kg3 54. Ke5 Kxh3 55. f5 Kg4 56. f6 h5 57. f7 1-0


[Site "https://www.chess.com"]

[Event "Titled Tuesday Blitz April 18 Early 2023"]
[White "Samunenkov, Ihor"]
[Black "Drozdowski, Kacper"]
[WhiteFideId "14187086"]
[BlackFideId "1136720"]
[WhiteElo "2457"]
[BlackElo "2497"]
[Result "0-1"]
[Round "05"]
[TimeControl "180+2"]
[Date "2023.04.18"]
[WhiteClock "0:00:02"]
[BlackClock "0:00:19"]

1. d4 Nf6 2. c4 g6 3. Nc3 d5 4. cxd5 Nxd5 5. Bd2 Bg7 6. e4 Nb6 7. Be3 O-O 8. Be2 f5 9. exf5 Bxf5 10. Nf3 Nc6 11. O-O e5 12. Qb3+ Kh8 13. dxe5 Nxe5 14. Rad1 Qe7 15. Nd4 Rae8 16. Nxf5 gxf5 17. Nd5 Nxd5 18. Rxd5 b6 19. Bh5 Rd8 20. Bf4 Rxd5 21. Qxd5 Rd8 22. Qb3 Nd3 23. Bd2 Nxb2 24. Bc3 Nd3 25. Rd1 Ne5 26. Rxd8+ Qxd8 27. Qe6 Qd7 28. Qb3 c5 29. h3 Ng6 30. Bxg7+ Kxg7 31. Qc3+ Qd4 32. Qf3 Kf6 33. Qc6+ Kg5 34. Bxg6 hxg6 35. g3 Kh6 36. Qc8 Kh7 37. Qc7+ Qg7 38. Qc8 Qe7 39. h4 Kg7 40. Kg2 Kf6 41. Qc6+ Ke5 42. Qc8 Kd4 43. Qc6 Qe4+ 0-1


[Site "https://www.chess.com"]

[Event "Titled Tuesday Blitz April 18 Early 2023"]
[White "Janaszak, Dawid"]
[Black "Kovalenko, Igor"]
[WhiteFideId "1119206"]
[BlackFideId "14117908"]
[WhiteElo "2220"]
[BlackElo "2574"]
[Result "0-1"]
[Round "05"]
[TimeControl "180+2"]
[Date "2023.04.18"]
[WhiteClock "0:00:05"]
[BlackClock "0:01:22"]

1. e4 c5 2. Nc3 g6 3. Bc4 Bg7 4. h4 h5 5. Qf3 e6 6. d4 cxd4 7. Nb5 d6 8. Bf4 Be5 9. Bxe5 dxe5 10. Qa3 Ne7 11. Nd6+ Kf8 12. Nf3 Kg7 13. Nxe5 Rf8 14. O-O-O Nbc6 15. f4 Nxe5 16. fxe5 Nc6 17. g4 hxg4 18. h5 Qg5+ 19. Kb1 gxh5 20. Rhf1 Qxe5 21. Nxf7 Rxf7 22. Rxf7+ Kxf7 23. Rf1+ Kg6 24. Qf8 Qg7 25. Qe8+ Kg5 26. Rf7 Qg6 27. Qf8 Bd7 28. Qxa8 Qxf7 29. a3 g3 0-1


[Site "https://www.chess.com"]

[Event "Titled Tuesday Blitz April 18 Early 2023"]
[White "Bluebaum, Matthias"]
[Black "Aradhya, Garg"]
[WhiteFideId "24651516"]
[BlackFideId "25006746"]
[WhiteElo "2638"]
[BlackElo "2263"]
[Result "1-0"]
[Round "05"]
[TimeControl "180+2"]
[Date "2023.04.18"]
[WhiteClock "0:00:26"]
[BlackClock "0:00:02"]

1. d4 d5 2. c4 c6 3. Nf3 Nf6 4. Nc3 dxc4 5. e4 b5 6. Qc2 Bg4 7. a4 b4 8. Ne2 b3 9. Qxc4 Nxe4 10. Qxb3 Nd7 11. Qe3 Nd6 12. Ng3 Bxf3 13. Qxf3 Qa5+ 14. Bd2 Qd5 15. Be2 g6 16. O-O Bg7 17. Bc3 O-O 18. Qd3 Rac8 19. Bf3 Qc4 20. Qe3 Rfe8 21. Rfc1 Nb6 22. Qd2 Nd5 23. Ne2 Qb3 24. Ra3 Qb7 25. Ba5 e5 26. dxe5 Bxe5 27. b4 Nb6 28. Qa2 Qd7 29. Rd3 Qf5 30. Rdd1 Qd7 31. Ng3 Kg7 32. Ne4 Qe7 33. Nc5 Nf5 34. Bg4 Rcd8 35. Bxf5 gxf5 36. g3 Rxd1+ 37. Rxd1 Rd8 38. Rxd8 Qxd8 39. Qe2 Qd5 40. Nd3 Bd6 41. b5 cxb5 42. Bc3+ Kg6 43. axb5 Qe4 44. Qd1 Nd5 45. Bb2 1-0


[Site "https://www.chess.com"]

[Event "Titled Tuesday Blitz April 18 Early 2023"]
[White "Sarana, Alexey"]
[Black "Srihari L R"]
[WhiteFideId "24133795"]
[BlackFideId "46617116"]
[WhiteElo "2714"]
[BlackElo "2334"]
[Result "1-0"]
[Round "05"]
[TimeControl "180+2"]
[Date "2023.04.18"]
[WhiteClock "0:01:14"]
[BlackClock "0:00:10"]

1. d4 Nf6 2. c4 e6 3. Nf3 Bb4+ 4. Bd2 Qe7 5. g3 O-O 6. Bg2 Bxd2+ 7. Qxd2 Ne4 8. Qc2 Qb4+ 9. Nbd2 Nxd2 10. Nxd2 Nc6 11. e3 Qe7 12. O-O d6 13. a3 a5 14. f4 f5 15. Rae1 Qf7 16. Qc3 Qf6 17. b4 axb4 18. axb4 Ra2 19. b5 Ne7 20. Ra1 Rxa1 21. Rxa1 Ng6 22. Ra7 e5 23. Bxb7 exf4 24. exf4 Qe7 25. Nf3 Qe2 26. Bd5+ Kh8 27. Qe1 Qd3 28. Rxc7 h5 29. b6 h4 30. b7 Bxb7 31. Rxb7 h3 32. Rb2 Qa3 33. Qf1 Nxf4 34. gxf4 Rf6 35. Re2 Rg6+ 36. Ng5 1-0


[Site "https://www.chess.com"]

[Event "Titled Tuesday Blitz April 18 Early 2023"]
[White "Tang, Andrew"]
[Black "Korchmar, Vasiliy"]
[WhiteFideId "2059630"]
[BlackFideId "24131750"]
[WhiteElo "2596"]
[BlackElo "2370"]
[Result "1-0"]
[Round "05"]
[TimeControl "180+2"]
[Date "2023.04.18"]
[WhiteClock "0:00:09"]
[BlackClock "0:00:02"]

1. d4 d5 2. Bf4 Nf6 3. e3 c5 4. dxc5 Nc6 5. Bb5 e6 6. b4 a5 7. c3 Bd7 8. Qb3 Nh5 9. Ne2 Be7 10. Nd2 O-O 11. O-O Nxf4 12. exf4 Bf6 13. Rad1 Qc7 14. Nf3 b6 15. Bxc6 Qxc6 16. Ned4 Qc7 17. cxb6 Qxb6 18. b5 a4 19. Qb2 Rfc8 20. Ne5 Be8 21. Rd3 Rab8 22. Rb1 Rc5 23. g3 g6 24. Qb4 Ra8 25. h4 h5 26. Qa3 Kg7 27. Re3 Be7 28. Qb2 a3 29. Qc2 Rac8 30. Nxg6 fxg6 31. Nxe6+ Kf7 32. Rbe1 Rc4 33. f5 Re4 34. Rxe4 dxe4 35. Qxe4 gxf5 36. Qxf5+ Bf6 37. Qh7+ Bg7 38. Qxg7# 1-0


[Site "https://www.chess.com"]

[Event "Titled Tuesday Blitz April 18 Early 2023"]
[White "Manukyan, Sargis A."]
[Black "Hakobyan, Aram"]
[WhiteFideId "13303970"]
[BlackFideId "13306677"]
[WhiteElo "2187"]
[BlackElo "2584"]
[Result "1-0"]
[Round "05"]
[TimeControl "180+2"]
[Date "2023.04.18"]
[WhiteClock "0:00:05"]
[BlackClock "0:00:03"]

1. d4 g6 2. c4 Bg7 3. Nc3 c5 4. e3 Nf6 5. Nf3 O-O 6. d5 d6 7. Be2 e6 8. e4 Re8 9. O-O exd5 10. exd5 Bf5 11. Bd3 Bg4 12. h3 Bxf3 13. Qxf3 Nbd7 14. Bf4 Ne5 15. Bxe5 Rxe5 16. Rfe1 Nd7 17. Rxe5 Nxe5 18. Qe2 Qb6 19. Rb1 Kf8 20. Qc2 Re8 21. b3 Qd8 22. Bf1 f5 23. Rd1 a6 24. Qc1 Qh4 25. g3 Qh5 26. Bg2 Nf3+ 27. Kh1 Nd4 28. Re1 Rxe1+ 29. Qxe1 f4 30. gxf4 Qf5 31. Qe4 Qf6 32. Ne2 Nf5 33. Kh2 Bh6 34. Ng3 Nd4 35. Ne2 Nf5 36. Ng3 Nh4 37. Ne2 Kg7 38. a4 Nf5 39. Bf3 Nd4 40. Nxd4 Bxf4+ 41. Kg2 cxd4 42. Qe6 Qg5+ 43. Qg4 Qf6 44. Qd7+ Kh6 45. Qxb7 d3 46. Qc8 d2 47. Qg4 a5 48. Qe6 Qg5+ 49. Qg4 Qe5 50. Qh4+ Kg7 51. Qg4 h5 52. Qd7+ Kh6 53. Qe6 Qg5+ 54. Kf1 Be5 55. Qf7 Qh4 56. Kg2 Qd4 57. Bd1 Bf6 58. Bc2 Kg5 59. Qxg6+ Kf4 60. Qf5# 1-0


[Site "https://www.chess.com"]

[Event "Titled Tuesday Blitz April 18 Early 2023"]
[White "Colas, Joshua"]
[Black "Kramnik, Vladimir"]
[WhiteFideId "2044447"]
[BlackFideId "4101588"]
[WhiteElo "2347"]
[BlackElo "2712"]
[Result "0-1"]
[Round "05"]
[TimeControl "180+2"]
[Date "2023.04.18"]
[WhiteClock "0:00:06"]
[BlackClock "0:00:32"]

1. Nf3 d5 2. c4 c6 3. cxd5 cxd5 4. d4 Bf5 5. Nc3 e6 6. Bf4 Nc6 7. e3 Bb4 8. Qb3 Nge7 9. a3 Bxc3+ 10. Qxc3 O-O 11. Be2 Rc8 12. O-O f6 13. Qd2 Na5 14. Qd1 Bc2 15. Qe1 Nb3 16. Ra2 Ng6 17. Bg3 Qb6 18. a4 Qa5 19. Qxa5 Nxa5 20. b4 Nb3 21. Rb2 Rc3 22. Ne1 Nc1 23. Rxc2 Rxc2 24. Nxc2 Nxe2+ 25. Kh1 Rc8 26. Na3 a6 27. Bd6 Rc3 28. Nb1 Rc2 29. a5 Nh4 30. Bc5 Nf5 31. g3 h5 32. Rd1 g5 0-1


[Site "https://www.chess.com"]

[Event "Titled Tuesday Blitz April 18 Early 2023"]
[White "Terry, Renato"]
[Black "Djordjevic, Vuk"]
[WhiteFideId "3803457"]
[BlackFideId "902098"]
[WhiteElo "2575"]
[BlackElo "2452"]
[Result "1-0"]
[Round "05"]
[TimeControl "180+2"]
[Date "2023.04.18"]
[WhiteClock "0:00:18"]
[BlackClock "0:00:02"]

1. d4 Nf6 2. Nf3 e6 3. c4 b6 4. g3 Ba6 5. Qa4 Bb7 6. Bg2 c5 7. dxc5 bxc5 8. O-O Be7 9. Nc3 O-O 10. Rd1 d6 11. Bf4 Qb6 12. Qb5 Rd8 13. Rd2 h6 14. Qxb6 axb6 15. Rad1 Ne8 16. b3 Nc6 17. Ne1 g5 18. Be3 Na5 19. Nb5 Bxg2 20. Kxg2 Nc6 21. f4 Kg7 22. Bf2 f5 23. Nd3 Kf7 24. h3 Nf6 25. Nc3 Rg8 26. Kh2 Rad8 27. e3 e5 28. Nd5 Ne4 29. Rc2 Rb8 30. a4 exf4 31. exf4 Na5 32. Rb1 Nc6 33. Re2 Bf6 34. g4 Ne7 35. Nxf6 Kxf6 36. Rbe1 Nc6 37. gxf5 Nxf2 38. Nxf2 Nd4 39. Ne4+ Kxf5 40. Nxd6+ Kg6 41. f5+ Kf6 42. Re7 Rbd8 43. Rf7# 1-0


[Site "https://www.chess.com"]

[Event "Titled Tuesday Blitz April 18 Early 2023"]
[White "Ibarra Jerez, Jose Carlos"]
[Black "Nouri, Alekhine"]
[WhiteFideId "2226332"]
[BlackFideId "5216184"]
[WhiteElo "2638"]
[BlackElo "2151"]
[Result "1-0"]
[Round "05"]
[TimeControl "180+2"]
[Date "2023.04.18"]
[WhiteClock "0:02:02"]
[BlackClock "0:01:23"]

1. e4 c5 2. Nf3 d6 3. d4 cxd4 4. Nxd4 Nf6 5. Nc3 a6 6. Be3 e5 7. Nf3 Be7 8. Bc4 O-O 9. O-O Be6 10. Qe2 Qc8 11. Bb3 h6 12. Nh4 Kh7 13. Rad1 Nbd7 14. Nf5 Bxf5 15. exf5 b5 16. g4 Nc5 17. Bd5 Rb8 18. Bg2 b4 19. Nd5 Nxd5 20. Bxd5 Nd7 21. Bc4 a5 22. b3 Nf6 23. Qf3 Rd8 24. Bxf7 Qxc2 25. g5 1-0


[Site "https://www.chess.com"]

[Event "Titled Tuesday Blitz April 18 Early 2023"]
[White "Paravyan, David"]
[Black "Dehtiarov, Roman"]
[WhiteFideId "4194985"]
[BlackFideId "14186640"]
[WhiteElo "2563"]
[BlackElo "2189"]
[Result "0-1"]
[Round "05"]
[TimeControl "180+2"]
[Date "2023.04.18"]
[WhiteClock "0:00:01"]
[BlackClock "0:00:02"]

1. e4 e5 2. Nf3 Nc6 3. Bb5 a6 4. Ba4 Nf6 5. O-O Be7 6. d3 b5 7. Bb3 O-O 8. Nc3 d6 9. a3 Bg4 10. Be3 Nd4 11. Bxd4 exd4 12. Nd5 c6 13. Nxe7+ Qxe7 14. h3 Bxf3 15. Qxf3 Rac8 16. Rae1 Nd7 17. Qg3 c5 18. f4 c4 19. Ba2 d5 20. e5 f5 21. Qf2 Rfe8 22. Qxd4 Qc5 23. Qf2 Qxf2+ 24. Rxf2 Nc5 25. Rd2 Kf7 26. Red1 Ne6 27. g3 g5 28. dxc4 dxc4 29. Rd7+ Re7 30. fxg5 Nxg5 31. Kg2 Rc5 32. h4 Ne4 33. Rxe7+ Kxe7 34. Kf3 Rxe5 35. Kf4 Re6 36. a4 Rg6 37. axb5 axb5 38. Rd5 Nd6 39. b3 Rg4+ 40. Kf3 Ke6 41. bxc4 bxc4 42. Rc5 Rd4 43. Rc7 h5 44. Rh7 Rd2 45. Rh6+ Ke5 46. Rxh5 Rxc2 47. Bb1 Rc3+ 48. Kg2 Ne4 49. Bxe4 Kxe4 50. Rh8 Rc2+ 51. Kh3 Rc1 52. Re8+ Kf3 53. Kh2 Rc2+ 54. Kh3 Rg2 55. Rg8 c3 56. Rg5 f4 57. g4 Rg1 58. Kh2 c2 59. Kh3 c1=Q 0-1


[Site "https://www.chess.com"]

[Event "Titled Tuesday Blitz April 18 Early 2023"]
[White "Lenderman, Aleksandr"]
[Black "Martinez Ramirez, Lennis"]
[WhiteFideId "2021285"]
[BlackFideId "3509079"]
[WhiteElo "2607"]
[BlackElo "2410"]
[Result "1/2-1/2"]
[Round "05"]
[TimeControl "180+2"]
[Date "2023.04.18"]
[WhiteClock "0:01:22"]
[BlackClock "0:00:07"]

1. Nf3 d5 2. e3 Nf6 3. c4 g6 4. cxd5 Nxd5 5. d4 Bg7 6. Be2 O-O 7. O-O Bg4 8. h3 Bxf3 9. Bxf3 Nc6 10. Qb3 Nb6 11. Rd1 Qd6 12. Nc3 e5 13. Ne4 Qb4 14. Qxb4 Nxb4 15. dxe5 Bxe5 16. Nc5 Rfd8 17. Rxd8+ Rxd8 18. Nxb7 Rb8 19. Nc5 Bd6 20. Ne4 Be5 21. Bd2 Nd3 22. Bc3 Bxc3 23. bxc3 Na4 24. Be2 Ndc5 25. Nxc5 Nxc5 26. Rd1 Rb2 27. Bc4 Rc2 28. Rd5 Ne6 29. Ra5 Rxc3 30. Bxe6 fxe6 31. Rxa7 Kf7 32. a4 Rc1+ 33. Kh2 Ke7 34. Ra8 Kd6 35. Rd8+ Ke5 36. Rd7 c5 37. Rxh7 Ra1 38. Rh4 Kd5 39. Rg4 c4 40. Rg5+ e5 41. f4 c3 42. Rxe5+ Kc4 43. Re8 c2 44. Rc8+ Kd3 45. Kg3 c1=Q 46. Rxc1 Rxc1 47. Kg4 Kxe3 48. Kg5 Rc4 49. g3 Kf3 50. Kxg6 Kxg3 51. f5 Rxa4 52. f6 Ra6 53. Kg7 Kxh3 54. f7 Ra7 55. Kg8 Rxf7 56. Kxf7 1/2-1/2


[Site "https://www.chess.com"]

[Event "Titled Tuesday Blitz April 18 Early 2023"]
[White "Bocharov, Dmitry"]
[Black "Zhigalko_Sergei"]
[WhiteFideId "4138716"]
[WhiteElo "2469"]
[BlackElo "2925"]
[Result "1-0"]
[Round "05"]
[TimeControl "180+2"]
[Date "2023.04.18"]
[WhiteClock "0:00:27"]
[BlackClock "0:00:02"]

1. d4 Nf6 2. c4 e6 3. g3 c5 4. d5 exd5 5. cxd5 d6 6. Nc3 g6 7. Bg2 Bg7 8. Nf3 O-O 9. O-O Re8 10. Bf4 a6 11. a4 Nh5 12. Bg5 Qc7 13. Qd2 Nd7 14. Bh6 Bh8 15. e4 Rb8 16. a5 b5 17. axb6 Rxb6 18. Qc2 Qb8 19. Rab1 Rb4 20. h3 Nhf6 21. Nd2 Ne5 22. b3 a5 23. Na2 Ba6 24. Nxb4 cxb4 25. Rfc1 Bd3 26. Qa2 Bxb1 27. Qxb1 Rc8 28. Rxc8+ Qxc8 29. Qa2 Qc7 30. Bf1 Bg7 31. Be3 h5 32. Qa4 Nfd7 33. Kg2 Nc5 34. Qb5 Bf6 35. Bxc5 dxc5 36. f4 h4 37. fxe5 Qxe5 38. Qd3 hxg3 39. Nc4 Qa1 40. d6 a4 41. bxa4 Qe1 42. Qe2 Qc3 43. e5 Bd8 44. a5 b3 45. a6 Qa1 46. e6 Qa2 47. e7 Bxe7 48. dxe7 1-0


[Site "https://www.chess.com"]

[Event "Titled Tuesday Blitz April 18 Early 2023"]
[White "Chigaev, Maksim"]
[Black "Aaditya Dhingra"]
[WhiteFideId "4108116"]
[BlackFideId "25678191"]
[WhiteElo "2547"]
[BlackElo "2083"]
[Result "1-0"]
[Round "05"]
[TimeControl "180+2"]
[Date "2023.04.18"]
[WhiteClock "0:02:19"]
[BlackClock "0:02:25"]

1. e4 c5 2. Nf3 Nc6 3. Bb5 e5 4. O-O Bd6 5. c3 a6 6. Bxc6 dxc6 7. d4 cxd4 8. cxd4 exd4 9. Qxd4 f6 10. Nc3 Nh6 11. Bxh6 gxh6 12. e5 Be7 13. Qc4 Kf8 14. Rad1 Qc7 15. Nd5 1-0


[Site "https://www.chess.com"]

[Event "Titled Tuesday Blitz April 18 Early 2023"]
[White "Sammed Jaykumar, Shete"]
[Black "Gupta, Abhijeet"]
[WhiteFideId "5073421"]
[BlackFideId "5010608"]
[WhiteElo "2278"]
[BlackElo "2528"]
[Result "0-1"]
[Round "05"]
[TimeControl "180+2"]
[Date "2023.04.18"]
[WhiteClock "0:01:22"]
[BlackClock "0:01:20"]

1. c4 Nf6 2. Nc3 g6 3. e4 d6 4. d4 Bg7 5. f4 O-O 6. Nf3 c5 7. dxc5 Qa5 8. Bd3 Qxc5 9. Qe2 Nc6 10. Be3 Qh5 11. h3 Bg4 12. O-O Bxf3 13. Rxf3 Nd7 14. Qf2 Bxc3 15. bxc3 Qa5 16. Rc1 Rac8 17. e5 dxe5 18. f5 Nf6 19. Rg3 e4 20. Be2 Kh8 21. c5 Qxa2 22. Bh6 Rg8 23. Bg5 Qd5 24. Bg4 Nxg4 25. hxg4 f6 26. Be3 gxf5 27. g5 fxg5 28. Bxg5 Rg7 29. c4 Qe5 30. Bf4 Qf6 31. Rcc3 Rcg8 32. Rxg7 Rxg7 33. Bc1 Qxc3 0-1


[Site "https://www.chess.com"]

[Event "Titled Tuesday Blitz April 18 Early 2023"]
[White "Skvortsov, Andrei"]
[Black "Yeletsky, Ivan"]
[WhiteFideId "24108600"]
[BlackFideId "24180327"]
[WhiteElo "2259"]
[BlackElo "2422"]
[Result "0-1"]
[Round "05"]
[TimeControl "180+2"]
[Date "2023.04.18"]
[WhiteClock "0:01:13"]
[BlackClock "0:01:01"]

1. e4 Nc6 2. Nc3 g6 3. d4 Bg7 4. d5 Nd4 5. g3 c5 6. Bg2 d6 7. h3 b5 8. Nce2 Nxe2 9. Nxe2 Nf6 10. a4 b4 11. O-O O-O 12. c4 Ba6 13. Qc2 Nd7 14. Rb1 b3 15. Qxb3 Ne5 16. f4 Bxc4 17. Qd1 Nd3 18. b3 Ba6 19. Bd2 Rb8 20. Bc3 Bxc3 21. Nxc3 Qa5 22. Qd2 c4 23. bxc4 Bxc4 24. Rf3 Rxb1+ 25. Nxb1 Qb6+ 26. Kh2 Qxb1 27. Bf1 Qb2 0-1


[Site "https://www.chess.com"]

[Event "Titled Tuesday Blitz April 18 Early 2023"]
[White "Kamsky, Gata"]
[Black "Dimitrov, Atanas"]
[WhiteFideId "2000024"]
[BlackFideId "2901315"]
[WhiteElo "2660"]
[BlackElo "2668"]
[Result "1/2-1/2"]
[Round "05"]
[TimeControl "180+2"]
[Date "2023.04.18"]
[WhiteClock "0:00:27"]
[BlackClock "0:00:29"]

1. d4 Nf6 2. Nf3 g6 3. c3 Bg7 4. Bg5 O-O 5. Nbd2 d5 6. e3 c5 7. Be2 Nc6 8. O-O b6 9. a4 Bb7 10. Qb3 Na5 11. Qa3 c4 12. Rfe1 h6 13. Bh4 g5 14. Bg3 Rc8 15. Bd1 e6 16. Bc2 Ne4 17. Rad1 f5 18. Be5 Nc6 19. Bxg7 Kxg7 20. Nxe4 fxe4 21. Nd2 g4 22. b3 cxb3 23. Bxb3 Na5 24. Ba2 Ba6 25. Rc1 Nc4 26. Bxc4 Bxc4 27. Nxc4 Rxc4 28. Re2 Qc7 29. Rb2 Rc8 30. Rb3 Qd7 31. Ra1 Qc7 32. Rc1 Qd7 33. Ra1 R8c6 34. a5 b5 35. Rxb5 Rxc3 36. Rb3 Qc7 37. g3 Rxb3 38. Qxb3 Rc3 1/2-1/2


[Site "https://www.chess.com"]

[Event "Titled Tuesday Blitz April 18 Early 2023"]
[White "Zakhartsov, Vladimir"]
[Black "Toropov, Pavel"]
[WhiteFideId "4145097"]
[BlackFideId "24129178"]
[WhiteElo "2497"]
[BlackElo "2182"]
[Result "1-0"]
[Round "05"]
[TimeControl "180+2"]
[Date "2023.04.18"]
[WhiteClock "0:00:33"]
[BlackClock "0:00:20"]

1. e4 e6 2. d4 d5 3. Nd2 dxe4 4. Nxe4 Nd7 5. Nf3 Ngf6 6. Bd3 Nxe4 7. Bxe4 Nf6 8. Bd3 b6 9. Bg5 Bb7 10. O-O Be7 11. Qe2 O-O 12. Rad1 h6 13. Bc1 Bxf3 14. Qxf3 Qd5 15. Qxd5 exd5 16. Bf4 Bd6 17. Bxd6 cxd6 18. f3 Rfe8 19. Kf2 Kf8 20. a4 a5 21. Ra1 Ke7 22. Ra3 Kd8 23. h4 Nd7 24. Rb3 Kc7 25. Rb5 Nf6 26. g4 Kc6 27. g5 hxg5 28. hxg5 Nh5 29. Rb3 Kb7 30. Bb5 Re6 31. Rc3 Rh8 32. Bc6+ Kb8 33. Bxd5 Re7 34. Rh1 g6 35. Rc6 Rhe8 36. Bc4 d5 37. Bb5 Ka7 38. Rd6 Rc8 39. c3 Nf4 40. Rh4 Ne6 41. Rxd5 Kb7 42. Re5 Rcc7 43. Rhe4 1-0


[Site "https://www.chess.com"]

[Event "Titled Tuesday Blitz April 18 Early 2023"]
[White "Pichot, Alan"]
[Black "Mendez Fortes, Eduardo Jesus"]
[WhiteFideId "110973"]
[BlackFideId "3502376"]
[WhiteElo "2573"]
[BlackElo "2307"]
[Result "1-0"]
[Round "05"]
[TimeControl "180+2"]
[Date "2023.04.18"]
[WhiteClock "0:00:07"]
[BlackClock "0:00:01"]

1. e4 c5 2. Nf3 d6 3. d4 cxd4 4. Nxd4 Nf6 5. Nc3 a6 6. a4 e5 7. Nf3 Be7 8. Bc4 Be6 9. Qe2 O-O 10. O-O Nc6 11. Rd1 h6 12. Nd5 Rc8 13. c3 Bxd5 14. Bxd5 Nxd5 15. Rxd5 Nb8 16. Nxe5 Qc7 17. Nf3 Nd7 18. Bf4 Rfe8 19. Rad1 Nc5 20. Qc2 Bf8 21. e5 dxe5 22. Nxe5 Qb6 23. h3 Qf6 24. Bg3 Red8 25. Ng4 Qe7 26. Bd6 Qe6 27. Re5 Qg6 28. Qxg6 fxg6 29. Red5 Nxa4 30. Bxf8 Rxd5 31. Rxd5 Rxf8 32. Rd2 Re8 33. Ne3 Re7 34. Kf1 Kf7 35. Ke1 Ke6 36. Kd1 g5 37. Kc2 Nc5 38. Rd4 b6 39. b4 Nd7 40. Nc4 Rf7 41. Rd6+ Ke7 42. Rd2 b5 43. Nd6 Rf8 44. Ne4 Ne5 45. Nc5 Nc4 46. Rd7+ Ke8 47. f3 Rf6 48. Rxg7 a5 49. Ne4 Re6 50. bxa5 Nxa5 51. Kd3 Nc4 52. Kd4 Ra6 53. Rh7 Ra2 54. Rxh6 Rxg2 55. Rg6 Kf7 56. Rxg5 Rh2 57. Rxb5 Na3 58. Rh5 Nc2+ 59. Ke5 Ne3 60. Kf4 Nc4 61. Kg3 Re2 62. h4 Ne3 63. Rc5 Ke6 64. h5 Nf5+ 65. Kf4 Ne7 66. Re5+ Kf7 67. Ng5+ Kf6 68. Rxe2 Nd5+ 69. Kg4 1-0


[Site "https://www.chess.com"]

[Event "Titled Tuesday Blitz April 18 Early 2023"]
[White "Karthik Rajaa"]
[Black "Bachmann, Axel"]
[WhiteFideId "25035215"]
[BlackFideId "3700488"]
[WhiteElo "2215"]
[BlackElo "2605"]
[Result "0-1"]
[Round "05"]
[TimeControl "180+2"]
[Date "2023.04.18"]
[WhiteClock "0:01:42"]
[BlackClock "0:01:22"]

1. Nf3 Nf6 2. c4 e6 3. Nc3 d5 4. e3 c5 5. cxd5 exd5 6. Bb5+ Nc6 7. O-O Bd6 8. d4 cxd4 9. Nxd4 O-O 10. Nxc6 bxc6 11. Bxc6 Bxh2+ 12. Kxh2 Qc7+ 13. Kg1 Qxc6 14. Qd4 Ba6 15. Rd1 Rfc8 16. Bd2 Qe6 17. b3 h5 18. Rac1 Qf5 19. f3 Rc7 20. Na4 Rac8 21. Rxc7 Rxc7 22. Bc3 Qc2 23. Qd2 Qg6 24. Be5 Rc2 0-1


[Site "https://www.chess.com"]